 Dungeon Crawl Stone Soup version 0.29.1-4-g47bece8355 (webtiles) character file.

Game seed: 4809663118242081769

3 javelincjr the Insei (level 1, 0/13 HPs)
             Began as an Octopode Transmuter on Dec 5, 2022.
             Slain by a bat (1 damage)
             ... on level 1 of the Dungeon.
             The game lasted 00:01:26 (143 turns).

javelincjr the Insei (Octopode Transmuter)           Turns: 143, Time: 00:01:27

Health: 0/13       AC:  1    Str:  9    XL:     1   Next: 50%
Magic:  2/3        EV: 13    Int: 15    God:
Gold:   21         SH:  0    Dex: 12    Spells: 3/4 levels left

rFire   . . .      SeeInvis .   d - +0 dagger
rCold   . . .      Faith    .   (no shield)
rNeg    . . .      Spirit   .   (helmet currently unavailable)
rPois   .          Reflect  .   (no amulet)
rElec   .          Harm     .   (no ring)
rCorr   .          Rampage  .   (no ring)
Will    .....                   (no ring)
Stlth   ++........              (no ring)
HPRegen 0.04/turn               (no ring)
MPRegen 0.08/turn               (no ring)
                                (no ring)
                                (no ring)

@: appendages (expiring)
A: tentacle spike 3, almost no armour, amphibious, 8 rings, camouflage 1,
gelatinous body 1, (nimble swimmer 1), tentacles
a: End Transformation


You were on level 1 of the Dungeon.
One of your tentacles had grown a beastly spike.
You visited 1 branch of the dungeon, and saw 1 of its levels.

You collected 21 gold pieces.

Inventory:

Hand Weapons
 d - a +0 dagger (weapon)
 f - a +0 club
Missiles
 e - 2 stones
Scrolls
 b - a scroll of teleportation {unknown}
 c - a scroll of enchant armour {unknown}
Potions
 a - a potion of lignification


   Skills:
 + Level 1.0 Fighting
 + Level 2.0 Dodging
 + Level 3.0 Unarmed Combat
 + Level 2.1 Spellcasting
 + Level 2.0 Transmutations


You had 3 spell levels left.
You knew the following spells:

 Your Spells              Type           Power      Damage    Failure   Level
a - Beastly Appendage     Tmut           14%        N/A       10%         1

Your spell library contained the following spells:

 Spells                   Type           Power      Damage    Failure   Level
 Wereblood                Tmut           7%         N/A       14%         2
 Spider Form              Tmut/Pois      4%         N/A       41%         3
 Ice Form                 Ice/Tmut       4%         N/A       82%         4


Dungeon Overview and Level Annotations

Branches:
Dungeon (1/15)

Altars:


Innate Abilities, Weirdness & Mutations

One of your tentacles has grown a beastly spike.
You cannot wear most types of armour.
You are amphibious.
You can wear up to eight rings at the same time.
Your skin changes colour to match your surroundings (Stealth+).
Your rubbery body absorbs attacks. (AC +1, EV +1)
((You are camouflaged when in or above water. (Stealth+)))
You have tentacles for arms and can constrict up to eight enemies at once.


Message History

d - a +0 dagger;
e - 2 stones
d - a +0 dagger (weapon)
HP restored.
A kobold comes into view. It is wielding a +0 club.
The helpless kobold fails to defend itself.
You hit the kobold.
You kill the kobold!
Things that are here:
a +0 club; a kobold corpse
f - a +0 club
f - a +0 club (weapon)
d - a +0 dagger (weapon)
A bat comes into view.
Found a blue potion.
Found a scroll labelled JIQATO COIWN.
The bat closely misses you.
Casting: Beastly Appendage (safe; 10% risk of failure)
Confirm with . or Enter, or press ? or * to list all spells.
One of your tentacles grows a vicious spike.
The bat closely misses you. The bat hits you. The bat completely misses you.
A gnoll comes into view. It is wielding a +0 flail.
Found a ring mail.
The bat hits you.
Your transformation is almost over.
The bat hits you but does no damage. The bat attacks as you move away!
The bat closely misses you.
The gnoll shouts!
The bat closely misses you.
A hobgoblin comes into view.
The gnoll hits you with a +0 flail.
You barely miss the gnoll. Your grab misses the gnoll.
Your squeeze misses the gnoll. The bat hits you but does no damage.
The gnoll hits you with a +0 flail!
Ouch! That really hurt!
* * * LOW HITPOINT WARNING * * *
You hit the gnoll. Your grab misses the gnoll.
Your tentacle spike misses the gnoll.
The gnoll is lightly wounded.
The bat hits you.
You die...

#......###...### #####..#
#.## #..## #..# ..# #...# #
#..# .# #...# . #...# #
#...# .# # #..## #..###.###
####..# ####.......!#
......# #.#.##....$.......
#####.# #...[gg@b.........
# ##.## ######.###.##.....
####...## #. #.#......
........#######.###........
####.....^.................
##.######.#####..##.?...
#.....##.# #..# #...#
#####....# #..# ##.. ####.#
#.#######.


You could see a gnoll, a hobgoblin and a bat.

Vanquished Creatures
  An endoplasm (D:1)
  2 kobolds (D:1)
3 creatures vanquished.

Notes
Turn   | Place    | Note
-------+----------+-------------------------------------------
     0 | D:1      | javelincjr the Octopode Transmuter began the quest for the
                  | Orb.
     0 | D:1      | Reached XP level 1. HP: 13/13 MP: 3/3
   143 | D:1      | Slain by a bat

Illustrated notes

Levels and vault maps discovered:
D:1:      giann_forest_graveyard, layout_loops_ring, serial_forest,
          infiniplex_forest_straight_2, infiniplex_forest_straight_4,
          infiniplex_forest_lined_room_3, infiniplex_forest_clump_tiny,
          infiniplex_forest_lined_corner, serial_shops, nicolae_shop_stone,
          minmay_box_of_dots

Action                   || total
-------------------------++-------
Melee: Dagger            ||     3
       Unarmed           ||     3
       Constrict         ||     1
       Tentacles         ||     1
 Cast: Beastly Appendage ||     1
 Stab: Sleeping          ||     1
Armor: Skin              ||     2
Dodge: Dodged            ||     5
